 Seeded DCSS version 0.29.1-15-g9cfb28693d (webtiles) character file.

Game seed: 1019281591211795276 (custom seed)

29575 NateTC the Basher (level 13, -37/84 HPs)
             Began as a Gargoyle Fighter on Apr 18, 2023.
             Was a High Priest of Elyvilon.
             Killed from afar by a balrug (54 damage)
             ... with a bolt of fire
             ... on level 1 of the Abyss.
             The game lasted 00:22:00 (17538 turns).

NateTC the Basher (Gargoyle Fighter)               Turns: 17538, Time: 00:22:01

Health: -37/84     AC: 33    Str: 28    XL:     13   Next: 46%
Magic:  0/17       EV:  7    Int: 10    God:    Elyvilon [*****.]
Gold:   978        SH: 12    Dex:  9    Spells: 12/12 levels left

rFire   . . .      SeeInvis .   f - +6 flail of Hell's Wrath {speed, rCorr Str+4}
rCold   + . .      Faith    .   e - +1 kite shield {rC+}
rNeg    + . .      Spirit   +   v - +1 plate armour
rPois   ∞          Reflect  .   p - +0 helmet
rElec   +          Harm     .   (no cloak)
rCorr   +          Rampage  .   g - +1 pair of gloves "Peyr Ewa" {Will+}
Will    +....                   (no boots)
Stlth   ..........              A - amulet of guardian spirit
HPRegen 0.24/turn               u - +4 ring of protection
MPRegen 0.15/turn               (no ring)

@: studying Evocations
A: sickness immunity, AC +9, negative energy resistance 1, electricity
resistance, torment resistance 1, petrification resistance
a: Renounce Religion, Purification, Heal Other, Heal Self, Divine Vigour


You were on level 1 of the Abyss.
You worshipped Elyvilon.
Elyvilon was extremely pleased with you.
You visited 3 branches of the dungeon, and saw 17 of its levels.
You visited the Abyss 1 time.

You collected 1062 gold pieces.
You spent 84 gold pieces at shops.

Inventory:

Hand Weapons
 f - the +6 flail of Hell's Wrath (weapon) {speed, rCorr Str+4}
   (You acquired it on level 1 of the Dungeon)

   Attacks with this weapon are significantly faster.
   Str:       It affects your strength (+4).
   rCorr:     It protects you from acid and corrosion.
Armour
 e - a +1 kite shield of cold resistance (worn)
 g - the +1 pair of gloves "Peyr Ewa" (worn) {Will+}
   (You acquired it on level 3 of the Dungeon)

   Will:      It increases your willpower.
 p - a +0 helmet (worn)
 v - a +1 plate armour (worn)
Jewellery
 u - a +4 ring of protection (left hand)
 A - an amulet of guardian spirit (around neck)
Wands
 b - a wand of roots (17)
 k - a wand of polymorph (17)
 l - a wand of paralysis (17)
 m - a wand of flame (59)
 q - a wand of mindburst (9)
Scrolls
 i - 3 scrolls of teleportation
 j - a scroll of identify
 s - 2 scrolls of fear
 x - a scroll of magic mapping
 y - 2 scrolls of amnesia
 C - 2 scrolls of enchant weapon
Potions
 a - a potion of magic
 c - 2 potions of haste
 d - a potion of ambrosia
 h - 13 potions of curing
 n - 5 potions of lignification
 o - 2 potions of brilliance
 t - a potion of resistance
 w - 3 potions of flight
 B - 3 potions of attraction


   Skills:
 - Level 10.8 Fighting
 - Level 12.2 Maces & Flails
 - Level 10.9 Armour
 - Level 2.5 Dodging
 - Level 12.1 Shields
 * Level 6.6 Invocations
 - Level 7.7 Evocations


You had 12 spell levels left.
You didn't know any spells.
Your spell library contained the following spells:

 Spells                   Type           Power      Damage    Failure   Level
 Apportation              Tloc           0%         N/A       99%         1
 Necrotise                Necr           0%         1d4       99%         1
 Summon Small Mammal      Summ           0%         N/A       99%         1
 Ensorcelled Hibernation  Hex/Ice        0%         N/A       100%        2
 Spider Form              Tmut/Pois      0%         N/A       100%        3
 Anguish                  Hex/Necr       0%         N/A       100%        4
 Passage of Golubria      Tloc           0%         N/A       100%        4
 Silence                  Hex/Air        0%         N/A       100%        5
 Lehudib's Crystal Spear  Conj/Erth      0%         10d2      100%        8


Dungeon Overview and Level Annotations

Branches:
Dungeon (11/15)            Temple (1/1) D:5            Lair (5/5) D:10
 Shoals (0/4) Lair:3       Spider (0/4) Lair:3        Slime (0/5) Lair:5
    Orc (0/2) D:10

Altars:
Ashenzari
Cheibriados
Dithmenos
Elyvilon
Fedhas
Gozag
Hepliaklqana
Kikubaaqudgha
Makhleb
Nemelex Xobeh
Okawaru
Qazlal
Ru
Sif Muna
Trog
Uskayaw
Vehumet
Wu Jian
Xom
Yredelemnul
Zin
The Shining One
Jiyva

Shops:
D:2 ?

Annotations:
D:3 2 transporters
Lair:5 Sonja


Innate Abilities, Weirdness & Mutations

You are immune to sickness and miasma.
Your stone body is resilient. (AC +9)
You are immune to poison.
You resist negative energy. (rN+)
You are resistant to electric shocks. (rElec)
You are resistant to unholy torment.
You are immune to petrification.


Message History

The puff of frost misses you.
You sock the small abomination!
The small abomination is severely damaged.
The small abomination closely misses you.
You hit the small abomination.
The small abomination is almost destroyed.
The white imp hits you but does no damage.
The small abomination hits you but does no damage.
You thump the small abomination!
You destroy the small abomination!
You block the white imp's attack.
You thump the white imp!
You kill the white imp!
A balrug comes into view.
It is wielding a +1 demon whip of freezing.
The balrug shouts!
The balrug gestures at you.
The sticky flame hits you but does no damage.
You are covered in liquid flames!
The balrug gestures at you. The bolt of fire misses you.
You are covered in liquid flames!
You are no longer on fire.
The balrug gestures at you. The bolt of fire misses you.
The balrug gestures at you. The bolt of fire hits you!!
The balrug gestures at you. The bolt of fire hits you!!!
Ouch! That really hurt!
* * * LOW HITPOINT WARNING * * *
The balrug gestures at you. Something smites you!
* * * LOW HITPOINT WARNING * * *
Okay, then.
Okay, then.
You feel better. The balrug gestures at you. The bolt of fire hits you!!!
Ouch! That really hurt!
You die...

#.........
#.........#
#...♣.....#
#.2..8....#
#.........#
#.........# #
#........ #
#.##.........#
#..@....#.####
................
###...........#.#
#.....#..........
#.#....#......#.
# #...........#
###########.# ##


You could see a balrug.

Vanquished Creatures
  A hydra (Lair:2)
  2 boulder beetles
  A two-headed ogre (D:9)
  An orb spider (Lair:3)
  2 lindwurms (Lair:3)
  A manticore (Lair:3)
  A cyclops (D:10)
  Joseph (D:7)
  2 black mambas
  Maggie (D:9)
  10 cane toads
  A torpor snail (Lair:5)
  3 rime drakes
  5 komodo dragons
  3 polar bears
  A wind drake (shapeshifter) (Abyss:1)
  A wind drake (Lair:3)
  Prince Ribbit (D:5)
  2 hornets (Lair:5)
  Grinder (D:3)
  5 blink frogs (Lair:4)
  2 shadows
  47 yaks
  A wraith (D:10)
  7 wyverns
  A spriggan (Lair:5)
  2 basilisks
  A chaos spawn (Abyss:1)
  A steam dragon (D:6)
  Menkaure (D:5)
  An acid dragon (D:10)
  8 water moccasins
  A small abomination (Abyss:1)
  4 hell hounds (Abyss:1)
  4 ice beasts
  6 orc warriors
  2 black bears
  3 ogres
  2 boggarts (Lair:5)
  3 centaurs
  14 wolves
  A kobold brigand (D:7)
  A phantom (D:4)
  6 bullfrogs
  2 scorpions (D:6)
  15 wights
  7 killer bees
  3 howler monkeys
  4 jellies
  5 orc priests
  A hound (D:7)
  2 gnoll boudas
  An iguana (D:4)
  9 orc wizards
  8 gnolls
  7 adders
  3 shadow imps
  4 white imps
  3 ufetubi
  A worm (D:4)
  A dart slug (D:3)
  31 orcs
  10 ball pythons
  5 bats
  5 endoplasms
  8 giant cockroaches
  9 goblins
  6 hobgoblins
  12 kobolds
  4 quokkas
  8 frilled lizards
  6 rats
345 creatures vanquished.

Vanquished Creatures (others)
  9 fungi (Lair:5)
  21 plants
30 creatures vanquished.

Grand Total: 375 creatures vanquished

Notes
Turn   | Place    | Note
-------+----------+-------------------------------------------
     0 | D:1      | NateTC the Gargoyle Fighter began the quest for the Orb.
     0 | D:1      | Reached XP level 1. HP: 14/14 MP: 1/1
     6 | D:1      | Identified 3 scrolls of acquirement
     6 | D:1      | Acquired the +6 flail of Hell's Wrath {speed, rCorr Str+4}
     9 | D:1      | Acquired a manual of Evocations
    11 | D:1      | Acquired a +0 kite shield of cold resistance
   261 | D:1      | Reached XP level 2. HP: 19/19 MP: 2/2
   336 | D:1      | Found a faded altar of an unknown god.
   787 | D:1      | Reached XP level 3. HP: 19/23 MP: 3/3
  1231 | D:2      | You fall into a shaft and drop 1 floor!
  1356 | D:3      | Noticed Grinder
  1367 | D:3      | Paralysed by Grinder for 2 turns
  1372 | D:3      | Paralysed by Grinder for 5 turns
  1379 | D:3      | Killed Grinder
  1380 | D:3      | Reached XP level 4. HP: 16/29 MP: 4/4
  1380 | D:3      | Reached XP level 5. HP: 19/33 MP: 5/5
  1380 | D:3      | Reached XP level 6. HP: 22/38 MP: 6/6
  1593 | D:2      | Reached skill level 5 in Shields
  1713 | D:2      | Found Seuseagikh's Magic Scroll Shoppe.
  1721 | D:2      | Bought a scroll of teleportation for 42 gold pieces
  1721 | D:2      | Bought a scroll of teleportation for 42 gold pieces
  2098 | D:3      | Found a transporter.
  2287 | D:3      | Found a transporter.
  2614 | D:3      | Acquired the +1 pair of gloves "Peyr Ewa" {Will+}
  3290 | D:4      | Reached XP level 7. HP: 28/44 MP: 7/7
  3545 | D:5      | Entered Level 5 of the Dungeon
  3625 | D:5      | Noticed a wyvern
  3630 | D:5      | Killed a wyvern
  3631 | D:5      | Reached skill level 5 in Maces & Flails
  3811 | D:5      | Found a shimmering altar of Xom.
  3975 | D:5      | Reached skill level 5 in Fighting
  4079 | D:5      | Reached skill level 5 in Armour
  4079 | D:5      | Reached XP level 8. HP: 49/49 MP: 8/8
  4362 | D:5      | Found a staircase to the Ecumenical Temple.
  4426 | D:5      | Found an ancient bone altar of Kikubaaqudgha.
  4472 | D:5      | Noticed Menkaure
  4478 | D:5      | Killed Menkaure
  4658 | D:5      | Noticed Prince Ribbit
  4660 | D:5      | Found a basalt altar of Yredelemnul.
  4726 | D:5      | Killed Prince Ribbit
  4906 | Temple   | Entered the Ecumenical Temple
  5588 | D:6      | Reached XP level 9. HP: 49/55 MP: 9/9
  6871 | D:7      | Found a shadowy altar of Dithmenos.
  6883 | D:7      | Noticed Joseph
  7112 | D:7      | Killed Joseph
  7517 | D:7      | Identified the +1 dagger "Tesoudurgh" {flame, rElec rPois
                  | Will+++ Str-5}
  7943 | D:8      | Found a shimmering blue altar of Sif Muna.
  7954 | D:8      | Reached XP level 10. HP: 46/63 MP: 10/10
  8312 | D:8      | Found a stormy altar of Qazlal.
  8389 | D:8      | Found a hazy altar of Hepliaklqana.
  8439 | D:8      | Noticed a boulder beetle
  8466 | D:8      | Killed a boulder beetle
  8800 | D:8      | Identified the +1 leather armour of Xullow Icwe {Will++}
  9079 | D:9      | Reached skill level 1 in Evocations
  9095 | D:8      | Reached skill level 1 in Dodging
  9369 | D:9      | Noticed Maggie
  9389 | D:9      | Killed Maggie
  9510 | D:9      | Identified the +1 leather armour of Amunefisi {Int+4}
  9606 | D:9      | Noticed a two-headed ogre
  9614 | D:9      | Killed a two-headed ogre
  9615 | D:9      | Reached skill level 5 in Evocations
  9615 | D:9      | Reached XP level 11. HP: 56/69 MP: 11/11
  9800 | D:9      | Found a white marble altar of Elyvilon.
 10038 | D:9      | Became a worshipper of Elyvilon the Healer
 10254 | D:10     | Entered Level 10 of the Dungeon
 10261 | D:10     | Noticed a cyclops
 10287 | D:10     | Killed a cyclops
 10418 | D:10     | Identified the +9 sling of Inquiry {speed, rCorr}
 10607 | D:10     | Found a staircase to the Orcish Mines.
 10610 | D:10     | Found a staircase to the Lair.
 10621 | D:10     | Reached * piety under Elyvilon
 10859 | D:10     | Found an opulent altar of Gozag.
 10863 | D:10     | Found an iron altar of Okawaru.
 10864 | D:10     | Found a sacrificial altar of Ru.
 10865 | D:10     | Found a bloodstained altar of Trog.
 11262 | Lair:1   | Entered Level 1 of the Lair of Beasts
 11275 | Lair:1   | Identified the +1 robe of the Armoured One {rElec rF- Str-4
                  | Dex+7}
 11428 | Lair:1   | Reached skill level 10 in Maces & Flails
 11449 | Lair:1   | Reached skill level 10 in Fighting
 11683 | Lair:1   | Reached ** piety under Elyvilon
 12515 | Lair:2   | Reached XP level 12. HP: 71/79 MP: 12/12
 12759 | Lair:2   | Noticed an eight-headed hydra
 12774 | Lair:2   | Killed an eight-headed hydra
 13174 | Lair:2   | Reached *** piety under Elyvilon
 13208 | Lair:2   | Identified the +3 ring mail of the Evening {rC+}
 13910 | Lair:3   | Found an ornate altar of the Wu Jian Council.
 13910 | Lair:3   | Noticed a boulder beetle
 13911 | Lair:3   | Found a hide-covered altar of Uskayaw.
 13951 | Lair:3   | Killed a boulder beetle
 14101 | Lair:3   | Found a dark tunnel.
 14492 | Lair:3   | Found a hole to the Spider Nest.
 14515 | Lair:3   | Reached skill level 10 in Shields
 14623 | Lair:3   | Found a staircase to the Shoals.
 14641 | Lair:3   | Reached skill level 10 in Armour
 14807 | Lair:3   | Reached **** piety under Elyvilon
 15661 | Lair:4   | Reached XP level 13. HP: 83/84 MP: 10/13
 16067 | Lair:5   | Entered Level 5 of the Lair of Beasts
 16157 | Lair:4   | Reached skill level 1 in Invocations
 16705 | Lair:5   | Reached skill level 5 in Invocations
 16754 | Lair:5   | Found a viscous altar of Jiyva.
 16755 | Lair:5   | Found a staircase to the Slime Pits.
 16830 | Lair:5   | Reached ***** piety under Elyvilon
 16920 | Lair:5   | Noticed Sonja
 16944 | Abyss:1  | Cast into level 1 of the Abyss (Sonja)
 17129 | Abyss:1  | Noticed a Hell Sentinel
 17261 | Abyss:1  | Paralysed by you for 5 turns
 17525 | Abyss:1  | Noticed a balrug
 17538 | Abyss:1  | Killed from afar by a balrug

Illustrated notes

Levels and vault maps discovered:
D:1:      wander_arrival_lonely_grave, layout_basic,
          shapermc_ecumenical_altar_hornbeckon, minmay_small_reverse_x
D:2:      layout_rooms, serial_shops, nicolae_shop_advertising_works
          [nicolae_subvault_shop_adworks]
D:3:      layout_basic, gammafunk_ghost_gnarly_gnolls, uniq_grinder
D:4:      layout_loops_ring, serial_bayou_pond_b, grunt_decor_mini_mirrors,
          kennysheep_big_empty_room
D:5:      kennysheep_six_static_rooms, layout_basic, kiku_gazebo_garden_becter,
          mainiacjoe_overflow_catwalk_spiral, temple_pool_b,
          uniq_prince_ribbit1, uniq_menkaure
D:6:      layout_basic
D:7:      layout_basic, nicolae_dithmenos_shadow_blocks, uniq_joseph
D:8:      layout_basic, nicolae_qazlal_general_emergency, lemuel_doored_altar,
          nicolae_sif_muna_little_library, nicolae_figureground_pulse
D:9:      layout_loops_corners, kennysheep_mini_moat, uniq_maggie
D:10:     layout_cave_pools, mainiacjoe_overflow_alcove_3, lair_entry_dummy,
          erik_orc_3, kennysheep_minor_cross, item_on_display_a
D:11:     minmay_coctagon, layout_irregular_city, serial_shops,
          nicolae_shop_statue_plus, uniq_grum
Temple:   nicolae_temple_two_arcs
Lair:1:   layout_roguey, grunt_megastairs_4
Lair:2:   layout_hall_layers, infiniplex_staircase_pool_2
Lair:3:   layout_chaotic_city, minmay_shoals_entry_beasts,
          nicolae_spider_entry_orb_guardian, nicolae_volcano_entry_vermiform,
          chequers_serial_rivers_micro_c, nzn_masters_of_martial_movement
Lair:4:   layout_hall_layers, minivault_19
Lair:5:   minmay_lair_end_enchanted_forest, layout_gridlike, slime_entry_1,
          uniq_sonja
Abyss:1:  base: D:1, gammafunk_corrupted_shrine, hangedman_abyss_overflow_altar,
          hangedman_abyss_overflow_altar, evilmike_abyss_exit_13,
          evilmike_abyss_exit_vortex, evilmike_abyss_exit_vortex,
          evilmike_abyss_exit_17

Skill      XL: |  1  2  3  4  5  6  7  8  9 10 11 12 13 |
---------------+----------------------------------------+-----
Fighting       | 4 5 7 8 10 | 10.8
Maces & Flails | 3 4 5 6 8 9 11 12 | 12.2
Armour         | 4 5 7 8 10 | 10.9
Shields        | 4 5 6 7 9 11 12 | 12.1
Evocations     | 5 7 |  7.7
Dodging        | 2 |  2.5
Invocations    | 6 |  6.6

Action                   |  1- 3 |  4- 6 |  7- 9 | 10-12 | 13-15 || total
-------------------------+-------+-------+-------+-------+-------++-------
Melee: Flail             |    85 |    76 |   275 |   760 |   312 ||  1508
Invok: Heal Self         |       |       |       |       |     4 ||     4
  Use: Scroll            |     6 |     4 |     6 |    11 |     6 ||    33
       Potion            |       |       |       |     2 |     5 ||     7
Armor: Scale mail        |    38 |    24 |    97 |       |       ||   159
       Plate armour      |       |       |    13 |   460 |   338 ||   811
Dodge: Dodged            |    19 |    21 |    70 |   190 |   148 ||   448
Block: Kite shield       |    24 |    32 |   117 |   340 |   295 ||   808
